 Dungeon Crawl Stone Soup version 0.30-a0-696-g2367cd04db (webtiles) character file.

Game seed: 12445763956468764967

61321 Newt the Skirmisher (level 14, -1/90 HPs)
             Began as a Demonspawn Gladiator on Jan 20, 2023.
             Was a High Priest of Hepliaklqana.
             Killed by divine providence
             ... invoked by a smoke demon
              (10 damage)
             ... on level 2 of the Abyss.
             The game lasted 00:28:35 (16525 turns).

Newt the Skirmisher (Demonspawn Gladiator)         Turns: 16525, Time: 00:28:35

Health: -1/90      AC: 21    Str: 23    XL:     14   Next: 60%
Magic:  0/33       EV: 17    Int: 23    God:    Hepliaklqana [*****.]
Gold:   936        SH: 16    Dex: 17    Spells: 13/13 levels left

rFire   + . .      SeeInvis +    q - +8 sling of Chaos {elec, Str+5 Int+5 Dex+2}
rCold   . . .      Faith    .    Z - +5 kite shield {AC+3}
rNeg    . . .      Spirit   +    y - +2 chain mail of the Fisher {rPois rC- Str+2 SInv}
rPois   +          Reflect  .    h - +3 hat of Pondering {ponderous, Will+ MP+10 Int+5}
rElec   .          Harm     .    (no cloak)
rCorr   .          Rampage  .    o - +0 pair of gloves "Hiellac" {rPois rC+ Int+4}
Will    ++...                    m - +0 pair of boots Stlth
                                 c - amulet of guardian spirit
HPRegen 0.35/turn                E - ring of flight
MPRegen 0.23/turn                a - +5 ring of evasion

@: about to teleport, corroded, flying, unable to drink, slow
A: reduced essence, horns 2, molten scales 3, demonic guardian 2, foul stench 1,
dopey 1, high MP 1, mutation resistance 1, strong 1, [weak 2], [inability to
drink after injury 2]
a: Renounce Religion, Recall Ancestor, Ancestor Identity, Transference, Idealise


You were on level 2 of the Abyss.
You worshipped Hepliaklqana.
Hepliaklqana was extremely pleased with you.
You visited 3 branches of the dungeon, and saw 17 of its levels.
You visited the Abyss 1 time.
You also visited: Sewer, Ossuary, Bailey and Volcano.

You collected 1006 gold pieces.
You spent 70 gold pieces at shops.

Inventory:

Hand Weapons
 q - the +8 sling of Chaos (weapon) {elec, Str+5 Int+5 Dex+2}
   (You found it on level 2 of the Dungeon)

   Str:       It affects your strength (+5).
   Int:       It affects your intelligence (+5).
   Dex:       It affects your dexterity (+2).
 r - a +2 shortbow of freezing
Missiles
 d - 2 throwing nets
 e - 18 javelins
 t - 2 atropa-tipped darts
Armour
 h - the +3 hat of Pondering (worn) {ponderous, Will+ MP+10 Int+5}
   (You took it off Gastronok on level 1 of the Lair of Beasts)

   Int:       It affects your intelligence (+5).
   MP:        It affects your magic capacity (+10).
   Will:      It increases your willpower.
 m - a +0 pair of boots (worn)
 o - the +0 pair of gloves "Hiellac" (worn) {rPois rC+ Int+4}
   (You found it on level 5 of the Dungeon)

   Int:       It affects your intelligence (+4).
   rC:        It protects you from cold.
   rPois:     It protects you from poison.
 y - the +2 chain mail of the Fisher (worn) {rPois rC- Str+2 SInv}
   (You found it on level 1 of the Lair of Beasts)

   Str:       It affects your strength (+2).
   rC:        It makes you vulnerable to cold.
   rPois:     It protects you from poison.
   SInv:      It lets you see invisible.
 Z - a +5 kite shield of protection (worn)
Jewellery
 a - a +5 ring of evasion (right hand)
 c - an amulet of guardian spirit (around neck)
 j - a ring of fire
 E - a ring of flight (left hand)
 P - a +6 ring of intelligence
 T - a ring of positive energy
Wands
 u - a wand of polymorph (20)
 N - a wand of flame (68)
 Q - a wand of iceblast (11)
 U - a wand of digging (5)
 V - a wand of charming (7)
Scrolls
 b - a scroll of summoning
 s - 3 scrolls of enchant weapon
 w - 8 scrolls of teleportation
 B - 2 scrolls of amnesia
 F - 3 scrolls of magic mapping
 G - 2 scrolls of poison
 I - a scroll of fog
 K - 2 scrolls of brand weapon
Potions
 f - 7 potions of brilliance
 g - 2 potions of magic
 i - 4 potions of haste
 k - 4 potions of resistance
 n - 7 potions of curing
 p - 7 potions of flight
 v - 7 potions of might
 A - 2 potions of ambrosia
 D - 3 potions of mutation
 L - 2 potions of cancellation
 O - 4 potions of lignification
 X - 2 potions of invisibility
Miscellaneous
 J - a phantom mirror


   Skills:
 - Level 6.0 Fighting
 - Level 2.6 Short Blades
 - Level 1.8 Staves
 - Level 14.0 Ranged Weapons
 - Level 1.7 Throwing
 + Level 8.1 Armour
 - Level 10.0 Dodging
 - Level 3.0 Stealth
 - Level 8.0 Shields
 - Level 10.0 Invocations
 - Level 4.6 Evocations


You had 13 spell levels left.
You didn't know any spells.
Your spell library contained the following spells:

 Spells                   Type           Power      Damage    Failure   Level
 Cigotuvi's Dreadful Rot  Necr/Pois/Air  0%         N/A       98%         2
 Ensorcelled Hibernation  Hex/Ice        0%         N/A       98%         2
 Poisonous Vapours        Pois/Air       0%         N/A       98%         2
 Mephitic Cloud           Conj/Pois/Air  0%         N/A       100%        3
 Spider Form              Tmut/Pois      0%         N/A       100%        3
 Anguish                  Hex/Necr       0%         N/A       100%        4
 Olgreb's Toxic Radiance  Pois           0%         N/A       100%        4
 Iskenderun's Battlesphe  Conj           0%         2d6       100%        5
 Iron Shot                Conj/Erth      0%         9d1       100%        6
 Ozocubu's Refrigeration  Ice            0%         4d7       100%        7
 Spellforged Servitor     Conj/Summ      0%         N/A       100%        7
 Ignition                 Fire           0%         3d3       100%        8


Dungeon Overview and Level Annotations

Branches:
Dungeon (12/15)            Temple (1/1) D:7            Lair (4/5) D:11
 Shoals (0/4) Lair:3        Snake (0/4) Lair:2          Orc (0/2) D:9
  Sewer (visited)         Ossuary (visited)          Bailey (visited)
Volcano (visited)
  Slime: Lair:4-5

Altars:
Ashenzari
Cheibriados
Dithmenos
Fedhas
Gozag
Hepliaklqana
Kikubaaqudgha
Makhleb
Nemelex Xobeh
Okawaru
Qazlal
Ru
Sif Muna
Trog
Uskayaw
Vehumet
Wu Jian
Xom
Yredelemnul

Shops:
D:7 !   D:9 (

Annotations:
D:9 3 runed translucent doors, timneilson's ghost, novice DsGl


Innate Abilities, Weirdness & Mutations

Your life essence is reduced to manifest your ancestor. (-10% HP)
You have a pair of horns on your head.
You are completely covered in molten scales. (AC +4, rF+)
A demonic guardian rushes to your aid.
You may rarely emit foul miasma when damaged in melee.
You are dopey. (Int -2)
You have an increased reservoir of magic. (+10% MP)
You are somewhat resistant to further mutation.
Your muscles are strong. (Str +4, Int/Dex -1)
[You are very weak. (Str -4)]
[You sometimes lose the ability to drink potions when taking damage.]


Message History

The brown very ugly thing gores you but does no damage.
The daeva calls down the wrath of the Shining One upon you.
The Shining One smites you!
As you read the scroll of fog, it crumbles to dust.
The scroll dissolves into smoke.
The ufetubus completely misses you. You block the ufetubus's attack.
The ufetubus completely misses you. You block the ufetubus's attack.
The ufetubus hits you but does no damage. x2
The ufetubus hits you. The ufetubus closely misses you.
The smoke demon gestures at you. Something smites you!
* * * LOW HITPOINT WARNING * * *
A small abomination comes into view.
The brown very ugly thing completely misses you.
You cannot drink potions in your current state!
Unknown command.
Okay, then.
The ufetubus attacks as you move away! The ufetubus barely misses you.
You block the ufetubus's attack. The ufetubus barely misses you.
The ufetubus hits you but does no damage.
You block the smoke demon's attack.
The smoke demon hits you but does no damage.
You block the smoke demon's attack. You block the ufetubus's attack.
The ufetubus misses you. x2
The ufetubus hits you but does no damage.
The brown very ugly thing gores you!
* * * LOW HITPOINT WARNING * * *
The acid corrodes you!
You are splashed with acid.
* * * LOW HITPOINT WARNING * * *
A demonic guardian appears!
The daeva calls down the wrath of the Shining One upon you.
The Shining One smites you!
* * * LOW HITPOINT WARNING * * *
Unknown command.
The ufetubus attacks as you move away! You block the ufetubus's attack.
The ufetubus barely misses you. The ufetubus attacks as you move away!
You block the ufetubus's attack. The ufetubus misses you.
The smoke demon gestures at you. Something smites you!
You die...

#### .#. #.. ##
..# # #.# .. .#
#.##.##.##
####5§.#.#.# #
#...#@4§#..
...##..#u53##.
...#5555§..#
.#.#53§5#A.####..
#..x.##..#.......
...# ...#.....#
## #..#..#..#...#
###R##.#......
###.X# #.###.#


You could see a brown very ugly thing, a smoke demon (ally target), 5 ufetubi
and a friendly orange demon (summoned).

Vanquished Creatures
  A hydra (Lair:1)
  2 death yaks (Lair:3)
  Urug (Lair:3)
  2 thrashing horrors (Abyss:2)
  A large abomination (Abyss:2)
  Nergalle (Lair:2)
  Amaemon (D:8)
  A wizard (Volcano)
  An oklob plant (D:11)
  An ugly thing (D:11)
  Maurice (D:8)
  A merfolk siren (Lair:3)
  7 elephants (Lair:3)
  A gargoyle (D:12)
  4 cane toads
  Maggie (Lair:1)
  A rime drake (Lair:2)
  An orange demon (D:8)
  3 komodo dragons
  An efreet (Abyss:2)
  3 trolls
  A hornet (D:10)
  A raiju (Abyss:2)
  6 blink frogs
  13 yaks
  A wraith (D:11)
  A ynoxinul (Abyss:2)
  A wyvern (D:9)
  2 small abominations (Abyss:2)
  4 vampire mosquitoes (D:11)
  A neqoxec (Abyss:2)
  5 water moccasins
  4 ice beasts
  3 sky beasts
  2 ogres
  10 orc warriors
  3 black bears
  3 centaurs
  10 wolves
  A phantom (D:5)
  3 kobold brigands
  A necrophage (D:6)
  5 bullfrogs
  10 wights
  A killer bee (D:10)
  7 howler monkeys
  4 hounds
  2 lava snakes (Lair:2)
  7 orc priests
  A gnoll bouda (D:10)
  Jessica (D:2)
  8 iguanas
  2 hell rats (Lair:2)
  17 orc wizards
  13 mummies (Ossuary)
  22 gnolls
  9 adders
  7 river rats (Sewer)
  3 ufetubi
  3 worms
  2 dart slugs
  58 orcs
  13 ball pythons
  8 bats
  8 endoplasms
  9 giant cockroaches
  2 goblins
  4 hobgoblins
  3 jackals (D:2)
  57 kobolds
  8 quokkas
  3 frilled lizards
  4 gnoll skeletons (Ossuary)
  2 kobold skeletons (Ossuary)
  2 orc skeletons (Ossuary)
  A rat (D:2)
  11 rat skeletons (Ossuary)
429 creatures vanquished.

Vanquished Creatures (collateral kills)
  Gastronok (Lair:1)
  A spriggan skeleton (Abyss:2)
  A hydra (Lair:4)
  Erica (D:8)
  A death yak (Lair:3)
  2 oklob plants (D:11)
  A cyclops (D:11)
  A salamander (Lair:2)
  2 toenail golems (Volcano)
  3 elephants (Lair:3)
  A black mamba (Lair:1)
  3 cane toads
  2 gargoyles (D:10)
  A rime drake (Lair:3)
  3 komodo dragons
  A polar bear (Lair:2)
  3 blink frogs
  3 raiju (Abyss:2)
  2 vampires (D:11)
  17 yaks
  A slime creature (D:11)
  A basilisk (Lair:3)
  Grum (D:9)
  3 water moccasins
  An orc warrior (D:10)
  An ice beast (Abyss:2)
  5 wolves
  A centaur (D:10)
  A bullfrog (Lair:1)
  A gnoll sergeant (D:10)
  A lava snake (Lair:2)
  An iguana (Lair:1)
  2 hell rats (Lair:2)
  4 gnolls
  6 orcs
  A hobgoblin (D:3)
  A kobold (D:3)
  A lurking horror (Abyss:2)
83 creatures vanquished.

Vanquished Creatures (others)
  4 ancestors
  5 knights
  9 fungi
  A lurking horror (Abyss:2)
  14 plants
33 creatures vanquished.

Grand Total: 545 creatures vanquished

Notes
Turn   | Place    | Note
-------+----------+-------------------------------------------
     0 | D:1      | Newt the Demonspawn Gladiator began the quest for the Orb.
     0 | D:1      | Reached XP level 1. HP: 16/16 MP: 1/1
   198 | D:1      | Reached skill level 1 in Stealth
   615 | D:1      | Gained mutation: You have a pair of small horns on your
                  | head. [demonic ancestry]
   615 | D:1      | Reached XP level 2. HP: 19/22 MP: 2/2
  1082 | D:2      | Identified a scroll of acquirement
  1082 | D:2      | Acquired the +0 staff of Battle
  1082 | D:2      | Found the +0 staff of Battle
  1225 | D:2      | Noticed Jessica
  1231 | D:2      | Killed Jessica
  1232 | D:2      | Gained mutation: You are partially covered in molten
                  | scales. (AC +2) [demonic ancestry]
  1232 | D:2      | Reached XP level 3. HP: 27/27 MP: 3/3
  1252 | D:2      | Identified the +8 sling of Chaos {elec, Str+5 Int+5 Dex+2}
  1341 | D:2      | Reached skill level 1 in Staves
  2030 | D:3      | Gained mutation: You may rarely emit foul miasma when
                  | damaged in melee. [demonic ancestry]
  2030 | D:3      | Reached XP level 4. HP: 33/33 MP: 4/4
  2390 | D:3      | Found a faded altar of an unknown god.
  2477 | D:3      | Reached skill level 1 in Ranged Weapons
  2685 | D:3      | Reached skill level 2 in Ranged Weapons
  2686 | D:3      | Gained mutation: You have a pair of horns on your head.
                  | [demonic ancestry]
  2686 | D:3      | Reached XP level 5. HP: 38/38 MP: 5/5
  2703 | D:3      | Reached skill level 3 in Ranged Weapons
  2857 | D:3      | Gained mutation: A weak demonic guardian rushes to your
                  | aid. [demonic ancestry]
  2857 | D:3      | Reached XP level 6. HP: 44/44 MP: 6/6
  2876 | D:3      | Reached skill level 4 in Ranged Weapons
  3263 | D:4      | Reached XP level 7. HP: 54/54 MP: 7/7
  3383 | D:4      | Identified the +8 spear of Niskux {drain, Fly rN+ Int+5}
  3785 | D:4      | Found a shadowy altar of Dithmenos.
  3921 | D:4      | Reached skill level 5 in Ranged Weapons
  4147 | D:5      | Entered Level 5 of the Dungeon
  4164 | D:5      | Found an ancient bone altar of Kikubaaqudgha.
  4164 | D:5      | Identified the +0 pair of gloves "Hiellac" {rPois rC+
                  | Int+4}
  4194 | D:5      | Reached skill level 6 in Ranged Weapons
  4194 | D:5      | Reached skill level 1 in Shields
  4194 | D:5      | Gained mutation: A demonic guardian rushes to your aid.
                  | [demonic ancestry]
  4194 | D:5      | Reached XP level 8. HP: 49/60 MP: 8/8
  4287 | D:5      | Found a sand-covered staircase.
  4295 | Ossuary  | Entered an ossuary
  4746 | D:5      | Found a glowing drain.
  4757 | Sewer    | Entered a sewer
  5610 | D:5      | Reached skill level 5 in Fighting
  6047 | D:5      | Reached XP level 9. HP: 69/69 MP: 9/9
  6051 | D:5      | Reached skill level 7 in Ranged Weapons
  6757 | D:6      | Reached skill level 8 in Ranged Weapons
  6823 | D:6      | Found a bloodstained altar of Trog.
  7305 | D:7      | Found Zunemeec's Distillery.
  7310 | D:7      | Reached skill level 9 in Ranged Weapons
  7319 | D:7      | Bought a potion of heal wounds for 70 gold pieces
  7330 | D:7      | Noticed a troll
  7338 | D:7      | Killed a troll
  7383 | D:7      | Found a staircase to the Ecumenical Temple.
  7398 | D:7      | Identified the +5 falchion of Glamorous Optimality {freeze,
                  | rC+ rN+ SInv}
  7401 | Temple   | Entered the Ecumenical Temple
  7585 | Temple   | Became a worshipper of Hepliaklqana the Forgotten
  7768 | D:7      | Reached skill level 10 in Ranged Weapons
  8168 | D:7      | Gained mutation: You are mostly covered in molten scales.
                  | (AC +3) [demonic ancestry]
  8168 | D:7      | Reached XP level 10. HP: 76/76 MP: 10/10
  8193 | D:7      | Reached skill level 5 in Shields
  8391 | D:8      | Noticed Erica
  8510 | D:8      | Killed Erica
  8867 | D:8      | Reached * piety under Hepliaklqana
  8901 | D:8      | Noticed Maurice
  8910 | D:8      | Killed Maurice
  9039 | D:8      | Noticed an orange demon
  9040 | D:8      | Noticed Amaemon
  9054 | D:8      | Killed an orange demon
  9061 | D:8      | Killed Amaemon
  9271 | D:8      | Found a stormy altar of Qazlal.
  9571 | D:8      | Identified the +0 leather armour of the Other Side {+Blink
                  | rF+ Str+4 Int+3}
  9663 | D:9      | Found Daaciapp's Antique Weapon Emporium.
  9671 | D:9      | Reached skill level 5 in Dodging
  9893 | D:9      | Found a runed translucent gate.
  9894 | D:9      | Found a runed translucent gate.
  9895 | D:9      | Found a runed translucent gate.
  9895 | D:9      | Noticed timneilson's ghost (novice DsGl)
 10055 | D:9      | Found a staircase to the Orcish Mines.
 10108 | D:9      | Noticed Grum
 10125 | D:9      | Killed Grum
 10239 | D:9      | Reached ** piety under Hepliaklqana
 10286 | D:9      | Remembered your ancestor Khabaw as a knight
 10438 | D:9      | Reached XP level 11. HP: 72/72 MP: 11/11
 10650 | D:10     | Entered Level 10 of the Dungeon
 10740 | D:10     | Found a flagged portal.
 10750 | D:10     | Reached skill level 11 in Ranged Weapons
 10770 | D:10     | Identified the +6 spear of the Enchanted Forest {spect,
                  | Int+6}
 10774 | Bailey   | Entered a bailey
 11390 | D:10     | Acquired a +2 kite shield of protection
 11492 | D:10     | Found the +5 woodcutter's axe
 11895 | D:10     | Gained mutation: You passively map a small area around you.
                  | [potion of mutation]
 11895 | D:10     | Gained mutation: Your flesh is heat resistant. (rF+)
                  | [potion of mutation]
 12130 | D:11     | Found a staircase to the Lair.
 12130 | D:11     | Noticed an oklob plant
 12130 | D:11     | Noticed an oklob plant
 12130 | D:11     | Noticed an oklob plant
 12137 | D:11     | Killed an oklob plant
 12154 | D:11     | Killed an oklob plant
 12213 | D:11     | Killed an oklob plant
 12214 | D:11     | Reached skill level 12 in Ranged Weapons
 12328 | D:11     | Noticed a green ugly thing
 12334 | D:11     | Killed a green ugly thing
 12483 | D:11     | Reached skill level 13 in Ranged Weapons
 12574 | D:11     | Reached XP level 12. HP: 43/79 MP: 12/12
 12718 | D:11     | Reached *** piety under Hepliaklqana
 13371 | Lair:1   | Entered Level 1 of the Lair of Beasts
 13406 | Lair:1   | Noticed Gastronok
 13427 | Lair:1   | Killed Gastronok
 13524 | Lair:1   | Noticed a five-headed hydra
 13543 | Lair:1   | Killed a five-headed hydra
 13544 | Lair:1   | Reached skill level 14 in Ranged Weapons
 13544 | Lair:1   | Reached skill level 1 in Invocations
 13666 | Lair:1   | Identified the +2 chain mail of the Fisher {rPois rC- Str+2
                  | SInv}
 13722 | Lair:1   | Noticed Maggie
 13728 | Lair:1   | Killed Maggie
 13789 | Lair:1   | Reached skill level 5 in Invocations
 14067 | Lair:2   | Noticed Nergalle
 14072 | Lair:2   | Killed Nergalle
 14180 | Lair:2   | Reached skill level 10 in Invocations
 14241 | Lair:2   | Reached **** piety under Hepliaklqana
 14256 | Lair:2   | Identified the +4 flail of Fate {holy, rN++ Dex+2}
 14486 | Lair:2   | Found a staircase to the Snake Pit.
 14932 | Lair:3   | Noticed Urug
 14947 | Lair:3   | Killed Urug
 14948 | Lair:3   | Gained mutation: You are completely covered in molten
                  | scales. (AC +4, rF+) [demonic ancestry]
 14948 | Lair:3   | Reached XP level 13. HP: 73/83 MP: 20/20
 14970 | Lair:3   | Lost mutation: You passively map a small area around you.
                  | [potion of mutation]
 14970 | Lair:3   | Lost mutation: Your flesh is heat resistant. (rF+) [potion
                  | of mutation]
 14970 | Lair:3   | Gained mutation: Your spells are a little harder to cast,
                  | but a little more powerful. [potion of mutation]
 14970 | Lair:3   | Gained mutation: Armour fits poorly on your strangely
                  | shaped body. [potion of mutation]
 14970 | Lair:3   | Gained mutation: You are somewhat resistant to further
                  | mutation. [potion of mutation]
 14971 | Lair:3   | Lost mutation: Armour fits poorly on your strangely shaped
                  | body. [potion of mutation]
 14971 | Lair:3   | Lost mutation: Your spells are a little harder to cast, but
                  | a little more powerful. [potion of mutation]
 14971 | Lair:3   | Lost mutation: You are somewhat resistant to further
                  | mutation. [potion of mutation]
 14971 | Lair:3   | Gained mutation: You have sharp toenails. [potion of
                  | mutation]
 14971 | Lair:3   | Gained mutation: You have sharp fingernails. [potion of
                  | mutation]
 14972 | Lair:3   | Lost mutation: You have sharp toenails. [potion of
                  | mutation]
 14972 | Lair:3   | Lost mutation: You have sharp fingernails. [potion of
                  | mutation]
 14972 | Lair:3   | Gained mutation: You do not regenerate when monsters are
                  | visible. [potion of mutation]
 14972 | Lair:3   | Gained mutation: You possess an exceptional clarity of
                  | mind. [potion of mutation]
 14973 | Lair:3   | Lost mutation: You possess an exceptional clarity of mind.
                  | [potion of mutation]
 14973 | Lair:3   | Lost mutation: You do not regenerate when monsters are
                  | visible. [potion of mutation]
 14973 | Lair:3   | Gained mutation: You are dopey. (Int -2) [potion of
                  | mutation]
 14973 | Lair:3   | Gained mutation: Your muscles are strong. (Str +4, Int/Dex
                  | -1) [potion of mutation]
 14973 | Lair:3   | Gained mutation: You have an increased reservoir of magic.
                  | (+10% MP) [potion of mutation]
 14973 | Lair:3   | Gained mutation: You are somewhat resistant to further
                  | mutation. [potion of mutation]
 15313 | Lair:3   | Reached skill level 10 in Dodging
 15323 | Lair:3   | Reached skill level 1 in Armour
 15624 | Lair:3   | Found a staircase to the Shoals.
 15763 | Lair:3   | Reached skill level 5 in Armour
 15763 | Lair:3   | Reached XP level 14. HP: 90/90 MP: 23/23
 16021 | Lair:4   | Found a dark tunnel.
 16027 | Volcano  | Entered a volcano
 16068 | Abyss:2  | Cast into level 2 of the Abyss (a wizard)
 16211 | Abyss:2  | Reached ***** piety under Hepliaklqana
 16399 | Abyss:2  | HP: 4/90 [raiju/living lightning (6)]
 16518 | Abyss:2  | Noticed a daeva
 16520 | Abyss:2  | Noticed a brown very ugly thing
 16525 | Abyss:2  | Killed from afar by a smoke demon

Illustrated notes

Levels and vault maps discovered:
D:1:      psy_arrival_terrarium, layout_basic, hangedman_decor_points,
          nrook_campfire
D:2:      minmay_evil_eye, layout_basic, uniq_jessica
D:3:      minmay_goblin_kobold_castle, layout_loops_corners,
          hellmonk_ecumenical_altar_inner_sanctum
D:4:      layout_basic, grunt_dithmenos_smoke_and_mirrors, nicolae_hexahallways
D:5:      layout_basic, mainiacjoe_overflow_tiny_flanked,
          nicolae_ossuary_entry_ruins, gup_sewer_entry_pipe
D:6:      layout_basic, mainiacjoe_overflow_alcove_1
D:7:      layout_rooms, minmay_temple_entry_offerings, serial_co_window_serial,
          co_window_corner_a, co_window_of_opportunity_a, co_window_cross_1,
          co_window_paths_b, co_window_paths_a, co_window_2corner,
          co_window_broadway_c, co_window_broadway_c,
          co_window_of_opportunity_b, co_window_sun, glass_columns_a,
          glass_columns_a, glass_columns_c, serial_shops, shop, minivault_24
D:8:      layout_loops_cross, nicolae_qazlal_style_of_elements, uniq_amaemon,
          uniq_erica, uniq_maurice
D:9:      layout_big_octagon, david_orc_3, biasface_ghost_orc_armoury,
          serial_shops, nicolae_square_shop, serial_co_window_serial,
          co_window_paths_a, co_window_paths_b, co_window_corner_a,
          co_window_paths_b, co_window_paths_b, co_window_unsneaky_path_d,
          co_window_cross_3, co_window_2corner, co_window_of_opportunity_b,
          co_window_corner_b, co_window_corner_b, co_window_corner_b,
          glass_columns_c, glass_columns_a, glass_columns_c, uniq_grum
D:10:     layout_irregular_city, enter_bailey_2,
          minmay_fractal_squares_diagonal_5
D:11:     layout_cave_pods, dpeg_oklobed_lair, minivault_20
D:12:     layout_roguey, serial_shops, nicolae_shop_crystal,
          nicolae_shop_waterfront, nicolae_square_shop, shop,
          nicolae_shop_hallway_stairs, dreamdust_princess_bridge,
          grunt_decor_arrowhead, minmay_guarded_unrand_prune
Temple:   eino_narrow_crystal_temple
Lair:1:   beast_lair_carwin_large_3, layout_cave_shapes, fungi_pond_lemuel,
          uniq_maggie, uniq_gastronok
Lair:2:   layout_chaotic_city, nicolae_snake_entry_warm_welcome, uniq_nergalle
Lair:3:   layout_regular_city, minmay_shoals_entry_lonely_mermaid, uniq_urug
Lair:4:   layout_loops_ring, nicolae_volcano_entry_s_turn
Abyss:2:  base: D:2, base: D:5, evilmike_abyss_exit_6, minivault_23
Volcano:  volcano_bunker

Skill      XL: |  1  2  3  4  5  6  7  8  9 10 11 12 13 14 |
---------------+-------------------------------------------+-----
Stealth        | 1 3 |  3.0
Staves         | 1 |  1.8
Ranged Weapons | 2 3 4 6 10 13 14 | 14.0
Fighting       | 4 6 |  6.0
Dodging        | 3 4 6 7 8 10 | 10.0
Shields        | 1 4 8 |  8.0
Invocations    | 10 | 10.0
Armour         | 5 8 |  8.1
Evocations     | 4 |  4.6
Short Blades   | |  2.6
Throwing       | |  1.7

Action                   |  1- 3 |  4- 6 |  7- 9 | 10-12 | 13-15 || total
-------------------------+-------+-------+-------+-------+-------++-------
Melee: Rapier            |    29 |       |       |       |       ||    29
       Punch             |     1 |       |       |       |       ||     1
       Staff             |     5 |       |       |       |       ||     5
       Headbutt          |     2 |       |       |       |       ||     2
 Fire: Sling             |    20 |   126 |   442 |   621 |   249 ||  1458
Throw: Throwing net      |       |     1 |       |     1 |       ||     2
Invok: Ancestor Life: Kn |       |       |       |     1 |       ||     1
       Recall Ancestor   |       |       |       |     2 |     3 ||     5
       Idealise          |       |       |       |     1 |       ||     1
Evoke: Wand              |       |       |       |     1 |       ||     1
  Use: Scroll            |     5 |     1 |    12 |    11 |    10 ||    39
       Potion            |     2 |       |       |     3 |    10 ||    15
 Stab: Sleeping          |     2 |       |       |       |       ||     2
Armor: Leather armour    |    11 |    17 |    31 |    19 |       ||    78
       Chain mail        |       |       |       |    44 |    98 ||   142
Dodge: Dodged            |    18 |    39 |    65 |   140 |   127 ||   389
Block: Buckler           |       |       |    31 |    20 |       ||    51
       Kite shield       |       |       |       |   130 |   176 ||   306

Table legend: (Time is in decaauts)
 A = Elapsed time spent in this place.
 B = Non-inter-level travel time spent in this place.
 C = Inter-level travel time spent in this place.
 D = Time resting spent in this place.
 E = Time spent auto-exploring this place.
 F = Levels seen in this place.
 G = Mean time per level.
                   A        B        C        D        E       F      G
               +--------+--------+--------+--------+--------+-----+--------+
         Total |  16832 |  16211 |    621 |   2066 |  11077 |  22 |  765.1 |
       Dungeon |  11555 |  11027 |    528 |   1183 |   8184 |  12 |  962.9 |
        Temple |    192 |    167 |     25 |      0 |    156 |   1 |  192.0 |
          Lair |   2875 |   2808 |     67 |    178 |   1945 |   4 |  718.8 |
         Abyss |    451 |    451 |      0 |    123 |      8 |   1 |  451.0 |
         Sewer |    697 |    697 |      0 |    269 |    315 |   1 |  697.0 |
       Ossuary |    406 |    406 |      0 |      0 |    249 |   1 |  406.0 |
        Bailey |    610 |    610 |      0 |    313 |    210 |   1 |  610.0 |
       Volcano |     43 |     43 |      0 |      0 |      8 |   1 |   43.0 |
               +--------+--------+--------+--------+--------+-----+--------+

Top non-repeatable levels by time:
     D:3: 1385 daAuts
    D:11: 1232 daAuts
  Lair:3: 1221 daAuts
     D:8: 1164 daAuts
     D:5: 1148 daAuts
     D:7: 1002 daAuts
     D:4: 1000 daAuts
     D:9: 984 daAuts
     D:6: 950 daAuts
     D:1: 943 daAuts
     D:2: 881 daAuts
    D:10: 850 daAuts
  Lair:2: 809 daAuts
  Lair:1: 734 daAuts
   Sewer: 697 daAuts
